AoeStats
← PRO_ENEMY

Arabia

503462704Analyzed
1v1 RM · 1mo ago on Aug 31, 2026· 48m 58s· 2 players
Game mode
Random Map
Map size
Tiny (2 player)
Population
200
Speed
Normal
Resources
Standard
Victory
Conquest
Starting age
Dark Age
Ending age
Imperial Age
RankedLock teamsTeams togetherTeam positionsShared explorationLock speedFull tech treeHidden civsTurbo modeCheats
Victory
Defeat
🇸🇪 Vikings · Sweden
1231
+15
🇵🇰 Goths · Pakistan
1202
-16
PRO_ENEMY
8:08 Loom
10:05 Feudal Age
10:24 Feudal Age
13:14 Fletching
13:10 Double-Bit Axe
13:06 Horse Collar
20:51 Castle Age
20:12 Padded Archer Armor
20:53 Crossbowman
21:30 Bodkin Arrow
22:32 Leather Archer Armor
23:41 Wheelbarrow
25:19 Gold Mining
25:19 Stone Mining
26:17 Hand Cart
28:47 Scale Mail Armor
28:56 Squires
30:12 Forging
31:54 Iron Casting
31:35 Chain Mail Armor
34:58 Anarchy
37:32 Imperial Age
36:13 Stone Shaft Mining
36:36 Bow Saw
37:45 Elite Huskarl
38:46 Conscription
38:29 Perfusion
39:33 Man-at-Arms
39:59 Long Swordsman
41:17 Bracer
42:21 Blast Furnace
40:54 Two-Handed Swordsman
41:53 Champion
Halola
7:56 Loom
10:21 Feudal Age
11:27 Double-Bit Axe
16:33 Horse Collar
20:35 Castle Age
18:40 Gold Mining
19:10 Stone Mining
19:27 Fletching
22:29 Bow Saw
22:39 Heavy Plow
23:04 Scale Mail Armor
23:15 Forging
22:28 Man-at-Arms
22:54 Gambesons
23:11 Squires
25:56 Elite Skirmisher
27:27 Chain Mail Armor
27:50 Bodkin Arrow
29:05 Town Watch
32:07 Iron Casting
32:15 Long Swordsman
32:42 Arson
39:09 Imperial Age
37:59 Gold Shaft Mining
38:23 Padded Archer Armor
38:40 Treadmill Crane
39:21 Ballistics
39:16 Elite Berserk
39:29 Two-Handed Swordsman
41:14 Hoardings
41:26 Plate Mail Armor
42:07 Conscription
41:40 Champion
43:37 Blast Furnace
48:49 Chemistry
47:58 Pikeman
49:24 Bracer
Connection lost

Rejoining the realm…

Still unreachable

The connection could not be restored.

Session expired

The server has moved on; the page needs a fresh start.